 Dungeon Crawl Stone Soup version 0.29-a0-334-gb41bcbb86e (webtiles) character file.

Game seed: 5198100484716996533

4137 spaghetti the Torchbearer (level 10, -3/84 HPs)
             Began as a Naga Fighter on Apr 13, 2022.
             Was an Initiate of Yredelemnul.
             Slain by a freezing wraith (4 damage)
             ... on level 10 of the Dungeon.
             The game lasted 00:11:48 (6193 turns).

spaghetti the Torchbearer (Naga Fighter)            Turns: 6193, Time: 00:11:48

Health: -3/84      AC: 12    Str: 20    XL:     10   Next: 27%
Magic:  18/18      EV:  7    Int: 10    God:    Yredelemnul [......]
Gold:   288        SH:  4    Dex: 12    Spells: 9/9 levels left

rFire   . . .      SeeInvis +   y - +2 falchion (elec) {long}
rCold   . . .      Faith    +   c - +0 buckler
rNeg    . . .      Spirit   .   b - +0 scale mail
rPois   +          Reflect  .   i - +0 helmet
rElec   .          Harm     .   (no cloak)
rCorr   .          Rampage  .   (no gloves)
Will    +....      Clarity  +   (no barding)
Stlth   ..........              v - amulet of faith {!P}
HPRegen 0.24/turn               (no ring)
MPRegen 0.16/turn               (no ring)

@: mighty, slowed, very slow
A: AC +3, large, see invisible, deformed body, poison resistance, slowness 2,
spit poison 2, naga tail 1, iridescent scales 1, clarity
a: Breathe Poison Gas, Renounce Religion, Recall Undead Harvest


You were on level 10 of the Dungeon.
You worshipped Yredelemnul.
Yredelemnul was aware of your devotion.
You visited 1 branch of the dungeon, and saw 8 of its levels.

You collected 308 gold pieces.
You spent 20 gold pieces at shops.


Innate Abilities, Weirdness & Mutations

Your serpentine skin is tough. (AC +3)
You have supernaturally acute eyesight. (SInv)
Armour fits poorly on your strangely shaped body.
Your system is resistant to poisons. (rPois)
You cover ground very slowly.
You can exhale a cloud of poison.
You have a snake-like lower body.
You are partially covered in iridescent scales. (AC +2)
You possess an exceptional clarity of mind.


   Skills:
 - Level 3.0 Fighting
 - Level 2.0 Maces & Flails
 + Level 9.3 Armour
 - Level 2.4 Shields
 + Level 10.9 Invocations


You had 9 spell levels left.
You didn't know any spells.
Your spell library contained the following spells:

 Spells                   Type           Power      Damage    Failure   Level
 Magic Dart               Conj           0%         1d3       75%         1
 Blink                    Tloc           0%         N/A       86%         2
 Corpse Rot               Necr/Air       0%         N/A       86%         2
 Poisonous Vapours        Pois/Air       0%         N/A       86%         2
 Searing Ray              Conj           0%         2d4       86%         2
 Lesser Beckoning         Tloc           0%         N/A       98%         3
 Fulminant Prism          Conj/Hex       0%         3d6       100%        4
 Manifold Assault         Tloc           0%         N/A       100%        5

Inventory:

Hand Weapons
 a - a +1 flail {mace}
 x - a +0 dagger of speed {short}
   (You found it on level 5 of the Dungeon)
 y - a +2 falchion of electrocution (weapon) {long}
   (You found it on level 5 of the Dungeon)
Missiles
 h - 92 stones (quivered) {throwing}
 o - 3 silver javelins {throwing}
 C - 3 poisoned darts {throwing}
Armour
 b - a +0 scale mail (worn)
 c - a +0 buckler (worn)
 i - a +0 helmet (worn)
   (You found it on level 1 of the Dungeon)
 u - the +1 robe of the Tired People {Fly rN+}
   (You found it on level 6 of the Dungeon)

   rN:        It protects you from negative energy.
   Fly:       It grants you flight.
Jewellery
 v - an amulet of faith (around neck) {!P}
   (You found it on level 5 of the Dungeon)
Wands
 z - a wand of iceblast (5)
   (You found it on level 5 of the Dungeon)
Scrolls
 e - 3 scrolls of brand weapon
 j - 2 scrolls of teleportation {@r4}
 l - a scroll of vulnerability {!r!r}
 m - 4 scrolls of magic mapping {!r}
 n - 4 scrolls of amnesia
 p - a scroll of identify {@r1}
 q - 2 scrolls of blinking {!r}
 r - 2 scrolls of enchant weapon
 t - a scroll of noise {!r}
Potions
 d - 2 potions of cancellation
 g - a potion of curing {@q1}
 k - 2 potions of brilliance
 B - a potion of attraction {!q}

Dungeon Overview and Level Annotations

Branches:
Dungeon (7/15)             Temple (0/1) D:5             Orc (0/2) D:10

Altars:
Hepliaklqana
Makhleb
Yredelemnul

Shops:
D:1 ? D:3

= #.###.#
#.# . #.# #.
#.# ... #.#
c###
####'#### .
#.......#
#...W...#
#...@...#
#.......#
...........#
.........###
..........
###.......#
.........
####.#.#.#.


You could see a freezing wraith (corroded).


Message History

The killer bee stings your killer bee zombie!
Your killer bee zombie is destroyed! 😨 HP[+1]
The killer bee stings you but does no damage.
You closely miss the killer bee.
Your killer bee zombie hits the killer bee.
The killer bee stings your killer bee zombie.
Your killer bee zombie completely misses the killer bee.
The killer bee barely misses your killer bee zombie.
Your killer bee zombie hits the killer bee.
The killer bee barely misses your killer bee zombie.
You miss the killer bee.
Your killer bee zombie hits the killer bee.
The killer bee dies! 😨 HP[+1]
Okay, then.
You start resting.
You have got your breath back.
A freezing wraith comes into view. 😮 HP[+10]
You regained 10 hp, and now have 51/84 hp.
A freezing wraith is nearby!
You swap places. 😮 HP[+1]
The freezing wraith closely misses your killer bee zombie.
The freezing wraith hits your killer bee zombie.
The freezing wraith drains your killer bee zombie's vigour!
Your killer bee zombie seems to slow down. 😮 HP[+1]
Your killer bee zombie barely misses the freezing wraith.
The freezing wraith hits your killer bee zombie!
The freezing wraith freezes your killer bee zombie.
Your killer bee zombie resists.
The freezing wraith hits your killer bee zombie!
Your killer bee zombie is destroyed!
There is an open door here.
You close the door. 😮 HP[+1]
Okay, then.
A freezing wraith opens the door.
Aiming: Corrosive Bolt
Press: ? - help, Shift-Dir - straight line, f - freezing wraith
Aim: a freezing wraith (71% to hit)
The bolt of acid hits the freezing wraith.
The acid corrodes the freezing wraith! 😮 HP[+1]
Aiming: Corrosive Bolt
Press: ? - help, Shift-Dir - straight line, f/p - freezing wraith
Aim: a freezing wraith (lightly damaged, covered in acid, 71% to hit)
The bolt of acid hits the freezing wraith!
The freezing wraith seems to be corroded for longer.
You block the freezing wraith's attack. x2
Aiming: Corrosive Bolt
Press: ? - help, Shift-Dir - straight line, f/p - freezing wraith
Aim: a freezing wraith (moderately damaged, covered in acid, 71% to hit)
The bolt of acid hits the freezing wraith!
The freezing wraith seems to be corroded for longer.
The freezing wraith hits you but does no damage. x2
Aiming: Corrosive Bolt
Press: ? - help, Shift-Dir - straight line, f/p - freezing wraith
Aim: a freezing wraith (heavily damaged, covered in acid, 71% to hit)
The bolt of acid misses the freezing wraith.
The freezing wraith hits you but does no damage.
You block the freezing wraith's attack.
Aiming: Corrosive Bolt
Press: ? - help, Shift-Dir - straight line, f/p - freezing wraith
Aim: a freezing wraith (heavily damaged, covered in acid, 71% to hit)
The bolt of acid hits the freezing wraith!
The freezing wraith seems to be corroded for longer.
The now-empty wand crumbles to dust.
You block the freezing wraith's attack.
The freezing wraith hits you but does no damage. 😮 HP[+1] No previous command to re-do.
You hit the freezing wraith but do no damage.
The freezing wraith closely misses you.
The freezing wraith hits you but does no damage.
You hit the freezing wraith. You block the freezing wraith's attack.
The freezing wraith hits you! The freezing wraith drains your vigour!
You feel yourself slow down. The freezing wraith hits you.
The freezing wraith freezes you!!
* * * LOW HITPOINT WARNING * * *
The freezing wraith hits you.
* * * LOW HITPOINT WARNING * * *
The freezing wraith drains your vigour!
You feel as though you will be slow longer. 😱 HP[-35]
You take 35 damage, and now have 21/84 hp.
MASSIVE DAMAGE!! (PAUSE)
You feel very mighty all of a sudden.
The freezing wraith hits you but does no damage.
You block the freezing wraith's attack. 😨 HP[+1]
You hit the freezing wraith. The freezing wraith hits you!
* * * LOW HITPOINT WARNING * * *
The freezing wraith freezes you!
* * * LOW HITPOINT WARNING * * *
The freezing wraith hits you but does no damage.
The freezing wraith hits you.
You die...
Your body rises from the dead as a mindless zombie.

Skill      XL: |  1  2  3  4  5  6  7  8  9 10 |
---------------+-------------------------------+-----
Armour         | 3 4 5 6 7 8 9 |  9.3
Invocations    | 1 2 3 4 6 8 10 | 10.9
Fighting       | |  3.0
Maces & Flails | |  2.0
Shields        | |  2.4

Action                   |  1- 3 |  4- 6 |  7- 9 | 10-12 || total
-------------------------+-------+-------+-------+-------++-------
Melee: Flail             |    98 |   131 |    10 |       ||   239
       Falchion          |       |       |    79 |     8 ||    87
Throw: Stone             |     3 |    11 |     1 |       ||    15
Invok: Dark Bargain      |       |       |     4 |       ||     4
       Recall Undead Har |       |       |     1 |       ||     1
 Abil: Spit Poison       |     5 |     3 |       |       ||     8
       Breathe Poison Ga |       |     5 |    10 |     2 ||    17
Evoke: Wand              |       |       |     2 |     6 ||     8
  Use: Scroll            |     6 |     2 |     2 |     1 ||    11
       Potion            |     2 |     6 |     2 |     3 ||    13
 Stab: Invisible         |       |       |     1 |       ||     1
Armor: Scale mail        |    67 |    87 |    76 |    13 ||   243
Dodge: Dodged            |    58 |    68 |    39 |    11 ||   176
Block: Buckler           |    25 |    25 |    30 |     7 ||    87

Levels and vault maps discovered:
D:1:      dreamdust_arrival_sigmund_warning, layout_loops_ring, serial_shops,
          nicolae_shop_trees, roderic_roman_lattice, minmay_tiny_reverse_x
D:2:      layout_rooms, dilly_ecumenical_altar_fadedgnrine, st_stairs_6
D:3:      layout_rooms, serial_shops, nicolae_shop_trees, minmay_snake_closets,
          uniq_natasha
D:4:      layout_basic, mainiacjoe_overflow_catwalk,
          mainiacjoe_overflow_24_doors, minmay_vboxes
D:5:      corexii_shack_village, layout_loops_ring, minmay_temple_entry_ruins
D:6:      layout_gridville, lemuel_crystal_altar, minmay_misc_feat_encased,
          kennysheep_generic_room_14
D:7:      layout_gridville, lemuel_crystal_altar, old_standard_altar,
          nicolae_ashenzari_panopticon, nicolae_sif_muna_little_library,
          kennysheep_mini
D:10:     layout_basic, minmay_orc_entry_guard_dogs, serial_shops,
          nicolae_shop_crystal, minivault_28

Notes
Turn   | Place    | Note
-------+----------+-------------------------------------------
     0 | D:1      | spaghetti the Naga Fighter began the quest for the Orb.
     0 | D:1      | Reached XP level 1. HP: 21/21 MP: 1/1
     0 | D:1      | magus.rc [v1.9.6]
   304 | D:1      | Reached XP level 2. HP: 25/28 MP: 2/2
   335 | D:1      | Reached skill level 3 in Armour
   423 | D:1      | Found Necziec's Magic Scroll Shoppe.
   434 | D:1      | Bought a scroll of identify for 20 gold pieces
   711 | D:1      | Reached XP level 3. HP: 27/34 MP: 3/3
  1329 | D:2      | You pick up a book of Conjurations {@e2} and begin
                  | reading...
  1329 | D:2      | You add the spells Magic Dart, Searing Ray and Fulminant
                  | Prism to your library.
  1779 | D:2      | Found a faded altar of an unknown god.
  1786 | D:2      | Prayed at the altar of an unknown god.
  1786 | D:2      | Became a worshipper of Yredelemnul the Dark
  1786 | D:2      | Reached * piety under Yredelemnul
  1815 | D:3      | Noticed Natasha
  1826 | D:3      | HP: 7/34 [Natasha (8)]
  1831 | D:3      | Killed Natasha
  1832 | D:3      | Reached skill level 1 in Invocations
  1832 | D:3      | Reached XP level 4. HP: 19/42 MP: 4/4
  2018 | D:3      | Found Mufugil's Jewellery Emporium.
  2157 | D:3      | Reached skill level 4 in Armour
  2194 | D:3      | Reached skill level 2 in Invocations
  2338 | D:3      | You pick up a book of Spatial Translocations and begin
                  | reading...
  2338 | D:3      | You add the spells Blink, Lesser Beckoning and Manifold
                  | Assault to your library.
  2348 | D:3      | Reached XP level 5. HP: 49/49 MP: 6/6
  2368 | D:3      | You pick up a book of Vapours and begin reading...
  2368 | D:3      | You add the spells Poisonous Vapours and Corpse Rot to your
                  | library.
  2467 | D:3      | Noticed Natasha
  2471 | D:3      | Killed Natasha
  2474 | D:3      | Reached ** piety under Yredelemnul
  2475 | D:3      | Reached skill level 3 in Invocations
  2839 | D:4      | Reached XP level 6. HP: 52/56 MP: 8/8
  3068 | D:4      | Noticed a water moccasin
  3086 | D:4      | Gained mutation: You can exhale a cloud of poison. [potion
                  | of mutation]
  3086 | D:4      | Gained mutation: You possess an exceptional clarity of
                  | mind. [potion of mutation]
  3086 | D:4      | Gained mutation: You are partially covered in iridescent
                  | scales. (AC +2) [potion of mutation]
  3097 | D:4      | HP: 11/56 [water moccasin (7)]
  3098 | D:4      | Found a hazy altar of Hepliaklqana.
  3365 | D:4      | Found a burning altar of Makhleb.
  3452 | D:5      | Entered Level 5 of the Dungeon
  3464 | D:5      | Reached skill level 5 in Armour
  3464 | D:5      | Reached skill level 4 in Invocations
  3713 | D:5      | Reached XP level 7. HP: 62/62 MP: 10/10
  4072 | D:5      | Found a staircase to the Ecumenical Temple.
  4380 | D:6      | Noticed a shadow
  4395 | D:6      | Reached skill level 5 in Invocations
  4396 | D:6      | HP: 15/62 [phantom (4)]
  4398 | D:6      | Killed a shadow
  4404 | D:6      | Reached skill level 6 in Armour
  4773 | D:6      | Found a basalt altar of Yredelemnul.
  4847 | D:6      | Reached skill level 6 in Invocations
  4847 | D:6      | Reached XP level 8. HP: 61/69 MP: 12/12
  5347 | D:6      | Identified the +1 robe of the Tired People {Fly rN+}
  5578 | D:7      | Reached skill level 7 in Invocations
  5633 | D:7      | You fall into a shaft and drop 3 floors!
  5633 | D:10     | Entered Level 10 of the Dungeon
  5633 | D:10     | Found a staircase to the Orcish Mines.
  5652 | D:10     | HP: 16/69 [warg (11)]
  5657 | D:10     | Reached skill level 7 in Armour
  5657 | D:10     | Reached skill level 8 in Invocations
  5660 | D:10     | Reached XP level 9. HP: 20/75 MP: 13/15
  5941 | D:10     | Reached skill level 9 in Invocations
  6067 | D:10     | Noticed a centaur warrior
  6076 | D:10     | Noticed a queen bee
  6078 | D:10     | Reached skill level 8 in Armour
  6081 | D:10     | Killed a centaur warrior
  6082 | D:10     | Noticed a black mamba
  6083 | D:10     | Killed a black mamba
  6084 | D:10     | Reached skill level 10 in Invocations
  6089 | D:10     | Noticed a boulder beetle
  6090 | D:10     | Reached XP level 10. HP: 77/84 MP: 14/17
  6096 | D:10     | Killed a boulder beetle
  6097 | D:10     | Reached skill level 9 in Armour
  6191 | D:10     | HP: 21/84 [freezing wraith (5)]
  6193 | D:10     | HP: 1/84 [freezing wraith (13)]
  6193 | D:10     | Slain by a freezing wraith

Vanquished Creatures
  A boulder beetle (D:10)
  A shadow (D:6)
  A spriggan (shapeshifter) (D:10)
  2 wargs (D:10)
  An ice beast (D:6)
  A black bear (D:7)
  An orc warrior (D:10)
  A phantom (D:5)
  A kobold brigand (D:10)
  A necrophage (D:6)
  7 killer bees (D:10)
  3 howler monkeys
  3 orc priests
  2 hounds
  An iguana (D:6)
  Natasha (twice) (D:3)
  3 orc wizards
  2 gnolls (D:10)
  8 adders
  A shadow imp (D:5)
  An ufetubus (D:6)
  2 worms
  2 dart slugs
  6 orcs
  8 ball pythons
  6 endoplasms
  4 giant cockroaches
  5 goblins
  4 hobgoblins
  5 jackals
  3 quokkas
  4 bats
  3 frilled lizards
  5 kobolds
  A rat (D:3)
102 creatures vanquished.

Vanquished Creatures (collateral kills)
  A centaur warrior (D:10)
  A black mamba (shapeshifter) (D:10)
  2 wargs (D:10)
  A water moccasin (D:6)
  An acid dragon (D:10)
  A centaur (D:10)
  A phantom (D:6)
  A gnoll sergeant (D:10)
  2 killer bees (D:10)
  3 adders (D:3)
  2 gnolls (D:10)
  An orc (D:4)
  A ball python (D:3)
  A bat (D:3)
  An endoplasm (D:3)
  A giant cockroach (D:3)
  A goblin (D:5)
  A hobgoblin (D:3)
  2 kobolds
25 creatures vanquished.

Vanquished Creatures (others)
  A boulder beetle zombie (D:10)
  2 warg zombies (D:10)
  A spriggan zombie (D:10)
  A centaur zombie (D:10)
  5 killer bee zombies (D:10)
  A howler monkey zombie (D:3)
  An adder zombie (D:6)
  4 orc zombies
  3 gnoll zombies (D:10)
  A kobold zombie (D:10)
  4 plants
24 creatures vanquished.

Grand Total: 151 creatures vanquished

Table legend:
 A = Non-vault XP
 B = Vault XP
 C = Vault XP percentage of total XP
 D = Non-vault monster count
 E = Vault monster count
 F = Vault count percentage of total count
                 A         B        C        D         E       F
            +---------+---------+-------+---------+---------+-------
      Total |    2708 |    3202 |  54.2 |      95 |      32 |  25.2
            +---------+---------+-------+---------+---------+-------
        D:1 |      36 |       6 |  14.3 |      20 |       2 |   9.1
        D:2 |      12 |       5 |  29.4 |       7 |       1 |  12.5
        D:3 |     131 |     125 |  48.8 |      16 |      12 |  42.9
        D:4 |      81 |       0 |   0.0 |       7 |       0 |   0.0
        D:5 |     275 |      17 |   5.8 |      11 |       8 |  42.1
        D:6 |     669 |     127 |  16.0 |       9 |       1 |  10.0
        D:7 |     238 |       0 |   0.0 |       3 |       0 |   0.0
       D:10 |    1266 |    2922 |  69.8 |      22 |       8 |  26.7
            +---------+---------+-------+---------+---------+-------

Illustrated notes

Table legend:
 A = Kills in this place as a percentage of kills in entire the game.
 B = Kills by you in this place as a percentage of kills by you in the entire game.
 C = Kills by friends in this place as a percentage of kills by friends in the entire game.
 D = Other kills in this place as a percentage of other kills in the entire game.
 E = Experience gained in this place as a percentage of experience gained in the entire game.
 F = Experience gained in this place divided by the number of levels of this place that you have seen.
                   A       B       C       D       E      F
               +-------+-------+-------+-------+-------+----------------------
         Total | 100.0 | 100.0 | 100.0 |   N/A | 100.0 | 738.8
       Dungeon | 100.0 | 100.0 | 100.0 |   N/A | 100.0 | 738.8
               +-------+-------+-------+-------+-------+----------------------

Table legend: (Time is in decaauts)
 A = Elapsed time spent in this place.
 B = Non-inter-level travel time spent in this place.
 C = Inter-level travel time spent in this place.
 D = Time resting spent in this place.
 E = Time spent auto-exploring this place.
 F = Levels seen in this place.
 G = Mean time per level.
                   A        B        C        D        E       F      G
               +--------+--------+--------+--------+--------+-----+--------+
         Total |   7458 |   7245 |    213 |   1266 |   4921 |   8 |  932.2 |
       Dungeon |   7458 |   7245 |    213 |   1266 |   4921 |   8 |  932.2 |
               +--------+--------+--------+--------+--------+-----+--------+

Top non-repeatable levels by time:
     D:1: 1353 daAuts
     D:6: 1276 daAuts
     D:3: 1142 daAuts
     D:5: 1135 daAuts
     D:2: 885 daAuts
     D:4: 831 daAuts
    D:10: 602 daAuts
     D:7: 230 daAuts
